AoeStats
← Beardsley McTurbanhead

Black Forest

509225195Analyzed
2v2 RM · 6d ago on Sep 26, 2026· 56m 31s· 4 players
Game mode
Random Map
Map size
Medium (4 player)
Population
200
Speed
Normal
Resources
Standard
Victory
Conquest
Starting age
Dark Age
Ending age
Imperial Age
RankedLock teamsTeams togetherTeam positionsShared explorationLock speedFull tech treeHidden civsTurbo modeCheats
Victory
Defeat
🇦🇺 Khmer · Australia
764
+19
🇨🇱 Celts · Chile
724
+21
🇨🇱 Byzantines · Chile
853
-21
🇺🇸 Burgundians · United States
815
-31
MozamMax
5:05 Loom
13:45 Feudal Age
12:04 Double-Bit Axe
12:00 Horse Collar
12:13 Gold Mining
15:58 Gold Shaft Mining
17:57 Castle Age
16:27 Heavy Plow
17:42 Wheelbarrow
16:53 Town Watch
18:00 Bow Saw
17:56 Stone Mining
19:22 Town Watch
21:48 Scale Barding Armor
23:07 Crop Rotation
22:44 Husbandry
24:18 Caravan
27:02 Two-Man Saw
25:31 Cavalier
28:38 Chain Barding Armor
29:17 Forging
28:59 Fletching
30:21 Crossbowman
31:23 Padded Archer Armor
31:19 Bodkin Arrow
36:34 Hand Cart
36:19 Town Patrol
37:39 Stone Shaft Mining
40:24 Iron Casting
40:05 Leather Archer Armor
41:05 Devotion
41:19 Redemption
45:21 Imperial Age
42:59 Elite Skirmisher
45:27 Paladin
47:30 Faith
47:36 Illumination
47:31 Block Printing
47:37 Faith
48:53 Plate Barding Armor
49:19 Blast Furnace
55:41 Burgundian Vineyards
excequielvii
0:44 Loom
11:25 Feudal Age
19:42 Castle Age
18:22 Double-Bit Axe
18:50 Fletching
19:55 Forging
19:53 Scale Barding Armor
24:01 Bow Saw
27:51 Chain Barding Armor
28:06 Iron Casting
28:38 Wheelbarrow
27:52 Horse Collar
29:50 Heavy Plow
31:30 Caravan
34:09 Imperial Age
32:52 Fortified Wall
33:38 Iron Casting
33:24 Chain Barding Armor
34:13 Onager
36:01 Chemistry
35:38 Gold Mining
35:39 Stone Mining
37:04 Hand Cart
37:25 Crop Rotation
39:34 Plate Barding Armor
41:08 Logistica
42:08 Elite Cataphract
43:16 Conscription
43:46 Scale Mail Armor
43:42 Bodkin Arrow
44:08 Pikeman
44:49 Squires
45:36 Halberdier
46:03 Arson
52:23 Chain Mail Armor
Beardsley McTurbanhead
0:58 Loom
11:00 Feudal Age
12:04 Double-Bit Axe
15:49 Castle Age
15:07 Horse Collar
16:57 Bow Saw
17:10 Heavy Plow
18:46 Wheelbarrow
23:52 Hand Cart
24:05 Hand Cart
24:20 Gold Mining
24:20 Stone Mining
26:48 Gold Shaft Mining
26:50 Stone Shaft Mining
26:03 Town Watch
26:35 Caravan
29:23 Town Patrol
30:54 Scale Barding Armor
31:00 Forging
31:14 Ballistics
33:04 Chain Barding Armor
33:19 Iron Casting
35:17 Imperial Age
33:03 Fortified Wall
33:07 Masonry
33:02 Husbandry
33:13 Bloodlines
33:34 Murder Holes
36:38 Plate Barding Armor
37:04 Blast Furnace
35:57 Fletching
36:31 Conscription
36:13 Double Crossbow
35:34 Elite Ballista Elephant
36:16 Tusk Swords
36:28 Devotion
37:01 Crop Rotation
37:25 Coinage
36:28 Capped Ram
36:46 Elite Battle Elephant
37:36 Siege Engineers
38:32 Chemistry
39:13 Scale Mail Armor
39:14 Padded Archer Armor
42:59 Chain Mail Armor
42:40 Bodkin Arrow
43:00 Leather Archer Armor
43:22 Architecture
43:27 Faith
47:07 Ring Archer Armor
46:39 Bracer
gustebrius
4:19 Loom
12:04 Feudal Age
16:33 Castle Age
15:35 Double-Bit Axe
15:49 Horse Collar
16:02 Man-at-Arms
24:39 Pikeman
27:14 Wheelbarrow
26:46 Gambesons
26:47 Arson
27:43 Gold Mining
27:47 Stone Mining
28:08 Bow Saw
30:17 Caravan
37:26 Imperial Age
35:51 Forging
35:42 Scale Mail Armor
36:38 Hand Cart
36:50 Town Watch
37:56 Stone Shaft Mining
37:56 Gold Shaft Mining
37:24 Heavy Plow
38:44 Halberdier
40:01 Iron Casting
39:41 Chain Mail Armor
39:57 Town Patrol
42:31 Blast Furnace
41:16 Heavy Scorpion
43:44 Plate Mail Armor
43:49 Furor Celtica
44:58 Chemistry
44:18 Ballistics
45:14 Siege Engineers
47:06 Capped Ram
48:02 Guilds
48:49 Stronghold
52:38 Murder Holes
53:14 Light Cavalry
56:41 Scale Barding Armor
Connection lost

Rejoining the realm…

Still unreachable

The connection could not be restored.

Session expired

The server has moved on; the page needs a fresh start.